 Dungeon Crawl Stone Soup version 0.21.0-25-ge575cb9 (webtiles) character file.

17684 ZorroFel the Fighter (level 12, -3/59 HPs)
             Began as a Felid Transmuter on Jan 24, 2018.
             Was a High Priest of Nemelex Xobeh.
             Slain by a four-headed hydra (12 damage)
             ... on level 2 of the Lair of Beasts.
             The game lasted 01:01:33 (27405 turns).

ZorroFel the Fighter (Felid Transmuter)            Turns: 27405, Time: 01:01:34

Health: -3/59      AC:  2    Str: 10    XL:     12   Next: 21%
Magic:  22/23      EV: 31    Int: 15    God:    Nemelex Xobeh [*****.]
Gold:   511        SH:  0    Dex: 20    Spells: 17/25 levels left
                                        Lives:  0   Deaths: 3

rFire    . . .     SeeInvis +     - Unarmed
rCold    . . .     Gourm    .   (shield unavailable)
rNeg     + . .     Faith    .   (armour unavailable)
rPois    x         Spirit   .   (helmet unavailable)
rElec    .         Reflect  .   (cloak unavailable)
rCorr    .         Harm     .   (gloves unavailable)
MR       +....                  (boots unavailable)
Stlth    ++++++....             (no amulet)
HPRegen  0.19/turn              G - ring of positive energy
MPRegen  0.18/turn              g - ring of stealth

@: spider-form
A: tiny, no armour, no weapons or thrown items, stealth, see invisible,
carnivore, clumsy 1, slow metabolism 1
a: End Transformation, Triple Draw, Deal Four, Stack Five, Renounce Religion


You were on level 2 of the Lair of Beasts.
You worshipped Nemelex Xobeh.
Nemelex Xobeh was extremely pleased with you.
You were not hungry.
You were a venomous arachnid creature.
You visited 2 branches of the dungeon, and saw 15 of its levels.

You collected 853 gold pieces.
You spent 342 gold pieces at shops.

Inventory:

Missiles
 s - 237 arrows
Jewellery
 f - an uncursed ring of resist corrosion
 g - a ring of stealth (right front leg)
 h - a cursed -2 ring of strength {unknown}
 G - a ring of positive energy (left front leg)
Wands
 p - a wand of acid (13)
 q - a wand of disintegration (2)
 H - a wand of clouds (5)
 J - a wand of iceblast (2)
 L - a wand of polymorph (13)
 M - a wand of paralysis (13)
 R - a wand of random effects (31)
Scrolls
 e - a scroll of blinking
 j - a scroll of teleportation
 k - a scroll of immolation
 m - 3 scrolls of amnesia
 o - 3 scrolls of magic mapping
 r - a scroll of summoning {unknown}
 t - a scroll of fog {unknown}
 v - 2 scrolls of remove curse
 D - 2 scrolls of fear
 F - a scroll of vulnerability {unknown}
 I - a scroll of brand weapon {unknown}
Potions
 d - a potion of flight
 i - 2 potions of brilliance
 l - a potion of berserk rage
 u - 2 potions of mutation {unknown}
 x - 3 potions of ambrosia {unknown}
 z - 4 potions of agility
 C - a potion of might
 E - 2 potions of haste
Books
 b - a book of Changes

   Spells                             Type                      Level
   a - Beastly Appendage              Transmutation                1
   b - Sticks to Snakes               Transmutation                2
   c - Spider Form                    Transmutation/Poison         3
   d - Ice Form                       Ice/Transmutation            4
   e - Blade Hands                    Transmutation                5
Miscellaneous
 a - a plain deck of escape {drawn: 4}
 n - an ornate deck of destruction {drawn: 1}
 w - a plain deck of destruction {drawn: 3}
 y - a plain deck of escape {drawn: 5}
 A - a plain deck of destruction {drawn: 4}
 B - a plain deck of summoning {drawn: 3}
 N - an ornate deck of destruction
 P - an ornate deck of destruction {drawn: 1}
 S - a plain deck of destruction {drawn: 2}
Comestibles
 c - 26 rations


   Skills:
 * Level 10.7 Fighting
 + Level 10.1 Dodging
 + Level 10.4 Stealth
 + Level 8.2 Unarmed Combat
 + Level 7.2 Spellcasting
 + Level 10.4 Transmutations
 + Level 7.2 Invocations


You had 17 spell levels left.
You knew the following spells:

 Your Spells              Type           Power        Failure   Level  Hunger
b - Spider Form           Tmut/Pois      ###.......   14%         3    ##.....
c - Blade Hands           Tmut           #####.....   14%         5    #####..


Dungeon Overview and Level Annotations

Branches:
Dungeon (13/15)            Temple (0/1) D:6            Lair (2/6) D:8
    Orc (0/2) D:11
  Swamp: Lair:2-4    Shoals: Lair:2-4     Snake: Lair:2-4    Spider: Lair:2-4
 Vaults: D:13-14

Altars:
Dithmenos
Makhleb
Nemelex Xobeh
Wu Jian
Xom
Zin
Beogh

Shops:
D:5 [   D:6 *   D:10 *   D:12 *

Annotations:
D:4 loralnil's ghost, amateur VSMo
D:5 Menkaure


Innate Abilities, Weirdness & Mutations

You cannot wear armour.
You are incapable of wielding weapons or throwing items.
Your paws allow you to move quietly. (Stealth)
((You have sharp claws.))
((You have razor-sharp teeth.))
You have supernaturally acute eyesight. (SInv)
You are carnivorous and can eat meat at any time.
((You cover ground quickly.))
((Your thick and shaggy fur keeps you warm. (AC +3, rC+)))
You have a slow metabolism.
((Your sharp claws are effective at attacking unaware monsters.))
You are clumsy. (Dex -2)


Message History

The four-headed hydra completely misses you.
The four-headed hydra bites you!
There is an open door here.
You enter the shallow water.
Moving in this stuff is going to be slow.
The four-headed hydra completely misses you.
The four-headed hydra closely misses you.
The four-headed hydra misses you.
The four-headed hydra completely misses you.
The four-headed hydra bites you!
The four-headed hydra barely misses you.
The four-headed hydra closely misses you.
The four-headed hydra completely misses you.
There is an open door here.
The four-headed hydra closely misses you.
The four-headed hydra bites you!
* * * LOW HITPOINT WARNING * * *
The four-headed hydra bites you!
You die...
Your body disappears without a glow.

##.###.# #...#≈≈.≈≈#≈≈≈≈≈≈≈≈≈#
#...##.#####...#.#.###≈≈≈≈≈≈≈≈≈#
....#..........≈≈≈.≈≈≈≈≈≈≈≈≈≈≈≈#
.............P≈≈≈≈.≈≈≈≈≈≈≈≈≈≈≈≈#
.............≈≈≈≈≈.≈≈≈≈≈≈≈≈#####
...........P≈≈≈≈≈≈.≈≈≈..PP.# #
...###.....≈≈≈≈≈≈≈..≈.≈≈..P# )#
.### ##....≈≈≈≈≈≈..≈#########.#
.# #..P≈≈≈≈≈≈s...#.≈#≈≈....# ##
....≈≈≈≈≈.PD≈..≈≈#≈P.≈.P#
.≈≈≈≈≈≈.≈#'###≈#..≈≈≈.#
≈≈≈≈≈P.≈.≈..≈≈#≈.≈P.≈#
≈≈≈≈....#≈...≈'.≈≈≈P≈#
≈≈≈≈################## ####


You could see a four-headed hydra.

Vanquished Creatures
  Gastronok (Lair:1)
  2 hydras (Lair:2)
  2 two-headed ogres
  Sonja (D:10)
  5 elephants
  3 black mambas (Lair:2)
  A centaur skeleton (D:12)
  A spiny frog (Lair:2)
  A komodo dragon (D:12)
  A merfolk (D:9)
  A wind drake (Lair:2)
  A meliai (D:12)
  A queen bee (Lair:2)
  2 trolls
  Grinder (D:6)
  2 hippogriffs (D:12)
  A meliai zombie (D:12)
  A wraith (D:12)
  A wyvern (D:11)
  29 yaks
  A vampire (D:9)
  Eustachio (D:6)
  2 hungry ghosts
  7 water moccasins
  2 porcupines
  4 orc warriors
  2 phantoms
  A black bear (D:10)
  3 ice beasts
  3 sky beasts
  A necrophage (D:10)
  3 wolves (Lair:1)
  10 centaurs
  5 crocodiles
  3 ogres
  A big kobold (D:12)
  14 bullfrogs
  Blork the orc (D:6)
  A wyvern zombie (D:12)
  A wyvern skeleton (D:6)
  A scorpion (D:9)
  24 killer bees
  3 wights (D:12)
  A howler monkey (D:7)
  7 crimson imps
  A bullfrog zombie (D:11)
  A quasit (D:12)
  4 orc priests
  5 orc wizards
  5 hounds
  A gnoll shaman (D:10)
  5 jellies
  4 bullfrog skeletons
  4 iguanas
  Jessica (D:3)
  Natasha (twice) (D:3)
  3 worker ants
  2 human simulacra (D:10)
  A worker ant zombie (D:8)
  15 gnolls
  8 adders
  3 shadow imps
  An ooze (D:3)
  2 adder skeletons (D:8)
  An adder zombie (D:7)
  2 worms
  A dart slug (D:2)
  7 leopard geckos
  42 orcs
  2 giant cockroaches
  7 goblins
  10 hobgoblins
  6 jackals
  7 quokkas
  2 ball pythons
  9 bats
  3 frilled lizards
  10 kobolds
  2 quokka skeletons (D:7)
  12 rats
351 creatures vanquished.

Vanquished Creatures (collateral kills)
  A two-headed ogre (D:8)
  2 orc knights
  A yak (Lair:2)
  4 killer bees (Lair:2)
  4 orcs
12 creatures vanquished.

Vanquished Creatures (others)
  A hippogriff (D:10)
  A centaur (D:9)
  8 fungi
  5 plants
15 creatures vanquished.

Grand Total: 378 creatures vanquished

Notes
Turn   | Place    | Note
-------+----------+-------------------------------------------
     0 | D:1      | ZorroFel the Felid Transmuter began the quest for the Orb.
     0 | D:1      | Reached XP level 1. HP: 9/9 MP: 4/4
   391 | D:1      | Reached XP level 2. HP: 6/12 MP: 3/6
  1434 | D:2      | Reached skill level 1 in Stealth
  1438 | D:2      | Reached XP level 3. HP: 16/16 MP: 5/7
  1680 | D:2      | Learned a level 3 spell: Spider Form
  2049 | D:2      | Reached XP level 4. HP: 1/19 MP: 4/8
  2411 | D:2      | Found a sparkling altar of Nemelex Xobeh.
  2442 | D:2      | Became a worshipper of Nemelex Xobeh the Trickster
  2504 | D:2      | Received a gift from Nemelex Xobeh
  3754 | D:2      | Reached XP level 5. HP: 9/23 MP: 6/9
  4423 | D:3      | Noticed Jessica
  4433 | D:3      | Killed Jessica
  4855 | D:3      | Noticed Natasha
  4859 | D:3      | Killed Natasha
  4859 | D:3      | Reached skill level 1 in Invocations
  5163 | D:3      | Gained mutation: You are covered in thick fur. (AC +2) [Felid growth]
  5163 | D:3      | Reached XP level 6. HP: 24/27 MP: 6/11
  5638 | D:4      | Reached * piety under Nemelex Xobeh
  5646 | D:4      | Noticed loralnil's ghost (amateur VSMo)
  5764 | D:3      | Noticed Natasha
  5774 | D:3      | Killed Natasha
  6402 | D:5      | Entered Level 5 of the Dungeon
  6765 | D:5      | Noticed Menkaure
  6772 | D:5      | Found a glowing silver altar of Zin.
  7209 | D:5      | Killed from afar by an orc wizard
  7210 | D:5      | Reached XP level 5. HP: -3/24 MP: 4/10
  7438 | D:5      | Reached XP level 6. HP: 24/28 MP: 4/11
  7598 | D:5      | Found Diethyunk's Armour Shop.
  7761 | D:6      | Noticed Eustachio
  7769 | D:6      | Killed Eustachio
  7856 | D:6      | Noticed Blork the orc
  7859 | D:6      | Killed Blork the orc
  7859 | D:6      | Reached XP level 7. HP: 31/31 MP: 11/13
  7875 | D:6      | Received a gift from Nemelex Xobeh
  7882 | D:6      | Noticed Grinder
  7886 | D:6      | Killed Grinder
  7886 | D:6      | Reached skill level 5 in Transmutations
  8141 | D:6      | Received a gift from Nemelex Xobeh
  8144 | D:6      | Reached ** piety under Nemelex Xobeh
  8333 | D:6      | Found Rutiri's Assorted Antiques.
  8342 | D:6      | Bought a potion of might for 84 gold pieces
  8342 | D:6      | Bought a scroll labeled GESOMI SURPHU for 21 gold pieces
  8342 | D:6      | Bought a scroll labeled FETIMP KOWEU for 21 gold pieces
  8342 | D:6      | Bought a green potion for 18 gold pieces
  8342 | D:6      | Bought a red potion for 18 gold pieces
  8396 | D:6      | Noticed a yak
  8398 | D:6      | Noticed a yak
  8398 | D:6      | Noticed a yak
  8398 | D:6      | Noticed a yak
  8707 | D:6      | Found a staircase to the Ecumenical Temple.
  8843 | D:6      | Found a burning altar of Makhleb.
  9018 | D:5      | Killed a yak
  9018 | D:5      | Reached XP level 8. HP: 18/36 MP: 11/14
  9267 | D:6      | Reached skill level 5 in Dodging
  9286 | D:6      | You fall through a shaft for 3 floors!
  9455 | D:9      | Received a gift from Nemelex Xobeh
  9556 | D:9      | Mangled by a vampire
  9557 | D:9      | Reached XP level 7. HP: -7/33 MP: 13/13
  9577 | D:9      | Reached skill level 5 in Fighting
  9793 | D:7      | Reached skill level 5 in Stealth
 10268 | D:7      | Found a shadowy altar of Dithmenos.
 10533 | D:7      | Reached XP level 8. HP: 13/37 MP: 11/15
 10800 | D:6      | Learned a level 5 spell: Blade Hands
 10964 | D:7      | Reached skill level 5 in Unarmed Combat
 11662 | D:8      | Received a gift from Nemelex Xobeh
 11663 | D:8      | Found an ornate altar of the Wu Jian Council.
 12738 | D:8      | Noticed a two-headed ogre
 12779 | D:8      | Killed a two-headed ogre
 12779 | D:8      | Reached XP level 9. HP: 41/42 MP: 15/17
 12878 | D:8      | Found a staircase to the Lair.
 12880 | D:8      | Noticed a two-headed ogre
 13366 | D:8      | Killed a two-headed ogre
 13627 | D:9      | Reached *** piety under Nemelex Xobeh
 13767 | D:9      | Reached skill level 5 in Spellcasting
 14136 | D:9      | Found a shimmering altar of Xom.
 14927 | D:9      | Noticed a merfolk
 14948 | D:9      | Killed a merfolk
 14948 | D:9      | Reached XP level 10. HP: 21/47 MP: 16/18
 15759 | D:10     | Entered Level 10 of the Dungeon
 16219 | D:10     | Reached skill level 5 in Invocations
 16655 | D:10     | Found Aeimyeng's Alliterative Accessories.
 16657 | D:10     | Reached **** piety under Nemelex Xobeh
 16661 | D:10     | Bought a potion of agility for 60 gold pieces
 16926 | D:10     | Noticed Sonja
 16926 | D:10     | Noticed a two-headed ogre
 16954 | D:10     | Killed Sonja
 16957 | D:10     | Killed a two-headed ogre
 17157 | D:11     | Found a shadowy altar of Dithmenos.
 17229 | D:11     | Reached XP level 11. HP: 25/51 MP: 14/20
 17881 | D:11     | Noticed an orc knight
 17883 | D:11     | Found a roughly hewn altar of Beogh.
 17883 | D:11     | Found a staircase to the Orcish Mines.
 17941 | D:10     | Killed an orc knight
 18240 | D:11     | Noticed an orc knight
 18616 | D:11     | Killed an orc knight
 18661 | D:11     | Received a gift from Nemelex Xobeh
 18899 | D:12     | Received a gift from Nemelex Xobeh
 19187 | D:12     | HP: 2/51 [meliai zombie (6)]
 19265 | D:12     | Noticed a two-headed ogre
 19308 | D:13     | HP: 2/52 [meliai/divine providence (10)]
 19316 | D:12     | Received a gift from Nemelex Xobeh
 19316 | D:12     | Found Gushrior's Assorted Antiques.
 20056 | D:12     | HP: 1/53 [meliai (2)]
 20058 | D:12     | Succumbed to a meliai's poison
 20059 | D:12     | Reached XP level 10. HP: 0/49 MP: 20/20
 20569 | D:12     | Bought a scroll labeled FERRIZ JAENOWA for 31 gold pieces
 20569 | D:12     | Bought a fizzy emerald potion for 27 gold pieces
 20569 | D:12     | Bought a scroll labeled TIEMUMPYUJ for 31 gold pieces
 20569 | D:12     | Bought a scroll labeled ZUS LIZUUK for 31 gold pieces
 20929 | D:12     | Received a gift from Nemelex Xobeh
 21461 | D:12     | Reached ***** piety under Nemelex Xobeh
 21518 | D:12     | Gained mutation: You are clumsy. (Dex -2) [mutagenic glow]
 21883 | Lair:1   | Entered Level 1 of the Lair of Beasts
 22633 | Lair:1   | Received a gift from Nemelex Xobeh
 22931 | Lair:1   | Reached XP level 11. HP: 36/53 MP: 18/21
 23410 | Lair:1   | Noticed Gastronok
 23438 | Lair:1   | Killed Gastronok
 24394 | Lair:2   | Received a gift from Nemelex Xobeh
 24436 | Lair:2   | Reached skill level 10 in Fighting
 24436 | Lair:2   | Reached skill level 10 in Transmutations
 24491 | Lair:2   | Noticed a five-headed hydra
 25067 | Lair:2   | Reached skill level 10 in Stealth
 25773 | Lair:2   | Received a gift from Nemelex Xobeh
 25800 | Lair:2   | Noticed a six-headed hydra
 25800 | Lair:2   | Noticed a five-headed hydra
 25824 | Lair:2   | Killed a six-headed hydra
 25824 | Lair:2   | Gained mutation: Your thick and shaggy fur keeps you warm. (AC +3, rC+) [Felid growth]
 25824 | Lair:2   | Reached XP level 12. HP: 58/58 MP: 23/23
 25852 | Lair:2   | Killed a six-headed hydra
 26134 | Lair:2   | Reached skill level 10 in Dodging
 26832 | Lair:2   | HP: 4/88 [poisoned by a killer bee]
 26838 | Lair:2   | HP: 4/88 [poisoned by a killer bee]
 26846 | Lair:2   | HP: 3/88 [poisoned by a killer bee]
 26850 | Lair:2   | HP: 1/59 [poisoned by a killer bee]
 27389 | Lair:2   | Noticed a four-headed hydra
 27405 | Lair:2   | Slain by a four-headed hydra

Skill      XL: |  1  2  3  4  5  6  7  8  9 10 11 12 |
---------------+-------------------------------------+-----
Dodging        | 3 4 6 7 9 10 | 10.1
Stealth        | 1 2 3 5 6 9 10 | 10.4
Fighting       | 2 3 5 6 7 8 10 | 10.7
Transmutations | 3 4 6 7 8 9 10 | 10.4
Invocations    | 1 2 3 4 6 7 |  7.2
Spellcasting   | 3 4 5 7 |  7.2
Unarmed Combat | 4 5 6 8 |  8.2

Action                   |  1- 3 |  4- 6 |  7- 9 | 10-12 || total
-------------------------+-------+-------+-------+-------++-------
Melee: Unarmed           |   104 |   195 |   346 |   766 ||  1411
       Bite              |     8 |     3 |    12 |    32 ||    55
       Headbutt          |     3 |     6 |     3 |       ||    12
       Punch             |       |     1 |     3 |     9 ||    13
 Cast: Beastly Appendage |    22 |     7 |     3 |       ||    32
       Spider Form       |     2 |    25 |    41 |    47 ||   115
       Blade Hands       |       |       |     4 |    28 ||    32
Invok: Triple Draw       |       |       |       |     5 ||     5
Evoke: Deck              |       |     1 |     3 |    22 ||    26
       Wand              |       |     5 |     8 |    15 ||    28
  Use: Potion            |       |     1 |     2 |     6 ||     9
       Scroll            |       |       |     5 |    15 ||    20
 Stab: Sleeping          |     2 |     5 |     7 |    12 ||    26
       Petrified         |       |       |     4 |       ||     4
       Petrifying        |       |       |     2 |       ||     2
       Confused          |       |       |       |     2 ||     2
  Eat: Chunk             |    10 |    17 |    21 |    44 ||    92
       Ration            |       |       |       |     1 ||     1
Armor: Skin              |     6 |     9 |     6 |    51 ||    72
Dodge: Dodged            |    85 |   178 |   320 |   905 ||  1488
